 Dungeon Crawl Stone Soup version 0.21-a0-426-g98080a9 (webtiles) character file.

145 splatterpode the Ruffian (level 5, 0/57 HPs)
             Began as an Octopode Fighter on Nov 5, 2017.
             Was a Follower of Sif Muna.
             Slain by Klosterheim's ghost (8 damage)
             ... on level 4 of the Dungeon.
             The game lasted 00:03:59 (3089 turns).

splatterpode the Ruffian (Octopode Fighter)         Turns: 3089, Time: 00:04:00

Health: 0/57       AC:  2    Str: 20    XL:     5   Next: 27%
Magic:  5/5        EV: 12    Int: 14    God:    Sif Muna [*.....]
Gold:   126        SH:  9    Dex: 13    Spells: 4/4 levels left

rFire    . . .     SeeInvis +     - Unarmed
rCold    . . .     Gourm    .   a - +0 shield
rNeg     . . .     Faith    .   (helmet restricted)
rPois    .         Spirit   .   (no amulet)
rElec    .         Reflect  .   t - ring of see invisible
rCorr    .         Harm     .   (no ring)
MR       .....                  (no ring)
Stlth    ..........             (no ring)
HPRegen  0.19/turn              (no ring)
MPRegen  0.09/turn              (no ring)
                                (no ring)
                                (no ring)

@: mighty, berserking, very quick
A: almost no armour, stealthy swim, amphibious, 8 rings, constrict 8, rugged
brown scales 1, camouflage 1, agile 1, blink, clever 1, gelatinous body 1,
evolution 1
a: Blink, Divine Energy, Renounce Religion


You were on level 4 of the Dungeon.
You worshipped Sif Muna.
Sif Muna was aware of your devotion.
You were hungry.

You visited 1 branch of the dungeon, and saw 4 of its levels.

You collected 126 gold pieces.

Inventory:

Armour
 a - a +0 shield (worn)
Jewellery
 t - a ring of see invisible (left tentacle)
Scrolls
 d - a scroll of noise {unknown}
 f - a scroll of teleportation
 h - a scroll of enchant weapon {unknown}
 j - 3 scrolls of blinking {unknown}
 k - 5 scrolls of identify
 m - a scroll of immolation {unknown}
 o - 2 scrolls of remove curse {unknown}
 q - a scroll of enchant armour {unknown}
 r - 2 scrolls of fog {unknown}
 w - 2 scrolls of amnesia {unknown}
Potions
 b - a potion of might
 i - a potion of agility
 n - a potion of curing {unknown}
 p - a potion of mutation {!q}
 s - a potion of berserk rage
 v - a potion of brilliance {unknown}
Books
 e - a book of Cantrips

   Spells                             Type                      Level
   a - Confusing Touch                Hexes                        1
   b - Animate Skeleton               Necromancy                   1
   c - Summon Small Mammal            Summoning                    1
   d - Apportation                    Translocation                1
Comestibles
 c - 5 bread rations
 g - 2 meat rations
 l - a royal jelly


   Skills:
 + Level 4.1 Fighting
 - Level 3.0 Dodging
 - Level 3.0 Shields
 * Level 4.4 Unarmed Combat


You had 4 spell levels left.
You didn't know any spells.

Dungeon Overview and Level Annotations

Branches:
Dungeon (4/15)
 Temple: D:4-7

Altars:
Hepliaklqana
Sif Muna

Annotations:
D:4 Klosterheim's ghost, amateur HOMo


Innate Abilities, Weirdness & Mutations

You cannot wear most types of armour.
You are very stealthy in the water. (Stealth+)
You are amphibious.
You can wear up to eight rings at the same time.
You can use your tentacles to constrict eight enemies at once.
Your skin changes colour to match your surroundings (Stealth+).
Your rubbery body absorbs attacks. (AC +1, EV +1)
You are partially covered in rugged brown scales. (AC +1, +3% HP)
You are agile. (Dex +2)
You can translocate small distances at will.
Your mind is acute. (Int +2)
You evolve.


Message History

Klosterheim's ghost is moderately damaged.
You tentacle-slap Klosterheim's ghost.
Klosterheim's ghost is heavily damaged.
Klosterheim's ghost hits you!
You closely miss Klosterheim's ghost.
Your squeeze misses Klosterheim's ghost.
Klosterheim's ghost is heavily damaged.
Klosterheim's ghost hits you. Klosterheim's ghost hits you!
* * * LOW HITPOINT WARNING * * *
You are too injured to fight recklessly!
It was a potion of berserk rage.
A red film seems to cover your vision as you go berserk!
You feel yourself moving faster!
You feel mighty! Klosterheim's ghost hits you.
* * * LOW HITPOINT WARNING * * *
You tentacle-slap Klosterheim's ghost. You squeeze Klosterheim's ghost!
Klosterheim's ghost is severely damaged.
You tentacle-slap Klosterheim's ghost.
Klosterheim's ghost is severely damaged.
Klosterheim's ghost hits you!
You die...

#########
#####.......#
########...........#
..................#
..###...>.)[.....#
#.##.......@.....#
#.#.......W[.....#
#<...............#
###...#...#####.##
##..##### .# ....# #
###.## #+#


You could see Klosterheim's ghost.

Vanquished Creatures
  An orc priest (D:4)
  5 adders
  5 worms
  3 dart slugs (D:1)
  A leopard gecko (D:1)
  4 orcs
  3 giant cockroaches
  3 goblins
  4 hobgoblins
  4 kobolds
  A quokka (D:2)
  A ball python (D:2)
  5 bats
  3 frilled lizards
  6 rats
49 creatures vanquished.

Notes
Turn   | Place    | Note
-------+----------+-------------------------------------------
     0 | D:1      | splatterpode the Octopode Fighter began the quest for the Orb.
     0 | D:1      | Reached XP level 1. HP: 16/16 MP: 1/1
   104 | D:1      | You fall through a shaft!
   127 | D:2      | Reached XP level 2. HP: 21/21 MP: 2/2
   811 | D:1      | Reached XP level 3. HP: 26/26 MP: 3/3
  1701 | D:2      | Found a hazy altar of Hepliaklqana.
  1786 | D:3      | Reached XP level 4. HP: 32/33 MP: 4/4
  1793 | D:3      | Found a faded altar of an unknown god.
  1803 | D:3      | Became a worshipper of Sif Muna the Loreminder
  1803 | D:3      | Reached * piety under Sif Muna
  2349 | D:3      | Gained mutation: You evolve. [potion of mutation]
  2349 | D:3      | Gained mutation: You are partially covered in rugged brown scales. (AC +1, +3% HP) [potion of mutation]
  2349 | D:3      | Gained mutation: You are agile. (Dex +2) [potion of mutation]
  2349 | D:3      | Gained mutation: You can translocate small distances at will. [potion of mutation]
  2407 | D:3      | Gained mutation: Your mind is acute. (Int +2) [evolution]
  2589 | D:4      | Reached XP level 5. HP: 26/38 MP: 5/5
  2636 | D:4      | Noticed Klosterheim's ghost (amateur HOMo)
  3089 | D:4      | Slain by Klosterheim's ghost

Vault maps used:
D:1:      noname_arrival_rooms_in_the_neighbourhood
D:2:      lemuel_coloured_pillars_altar
D:3:      first_bread, chequers_ecumenical_altar_simple
D:4:      minmay_temple_entry_large_hall, uniq_ijyb

Skill      XL: |  1  2  3  4 |
---------------+-------------+-----
Unarmed Combat | 3 4 |  4.4
Fighting       | 4 |  4.1
Dodging        | |  3.0
Shields        | |  3.0

Action                   |  1- 3 |  4- 6 || total
-------------------------+-------+-------++-------
Melee: Unarmed           |    73 |    60 ||   133
       Constrict         |    26 |    12 ||    38
       Tentacles         |    17 |    11 ||    28
       Punch             |     2 |     3 ||     5
  Use: Scroll            |     2 |     1 ||     3
       Potion            |       |     3 ||     3
 Stab: Sleeping          |     8 |     2 ||    10
       Distracted        |     1 |       ||     1
  Eat: Chunk             |     3 |     3 ||     6
Armor: Skin              |     6 |     4 ||    10
Dodge: Dodged            |    22 |    21 ||    43
Block: Shield            |    22 |    13 ||    35

Table legend:
 A = Spawn XP
 B = Non-spawn XP
 C = Spawn XP percentage of total XP
 D = Spawn monster count
 E = Non-spawn monster count
 F = Spawn count percentage of total count
 G = Total turns spent on level
                    A         B        C        D         E        F      G
               +---------+---------+-------+---------+---------+-------+---------
         Total |       0 |     208 |   0.0 |       0 |      49 |   0.0 |  3089
               +---------+---------+-------+---------+---------+-------+---------
           D:1 |       0 |      31 |   0.0 |       0 |      14 |   0.0 |   878
           D:2 |       0 |      45 |   0.0 |       0 |      15 |   0.0 |   888
           D:3 |       0 |      80 |   0.0 |       0 |      16 |   0.0 |  1234
           D:4 |       0 |      52 |   0.0 |       0 |       4 |   0.0 |    89
               +---------+---------+-------+---------+---------+-------+---------
